Map: White Rabbit LE

Players

Stonwin

  • Race: Terran Terran
  • League: Platinum
  • Spawn Location: 1:00

HoldTheDoor - Winner!

  • Race: Protoss Protoss
  • League: Diamond
  • Spawn Location: 7:00

VOD

Have the link to the VOD?

Description

Time

  • Played on: May 19, 2026, 11:28 a.m.
  • Length: 6:55
Show
View Real Time Build Order
Export as new Build Order

Stonwin Terran 

Build Orders: Liberator Opening 

Get SALT Encoding   

  12  0:02  SCV  
  13  0:14  SCV  
  13  0:17  Supply Depot  
  14  0:26  SCV  
  15  0:39  SCV, Barracks  
  16  0:45  Refinery  
  16  0:51  SCV  
  17  1:01  Supply Depot  
  17  1:05  Refinery  
  17  1:09  SCV  
  18  1:21  Refinery  
  18  1:31  Orbital Command  
  18  1:51  Marine  
  18  1:53  Factory  
  19  1:57  SCV  
  20  2:09  Barracks Reactor  
  20  2:12  SCV  
  21  2:16  Supply Depot  
  21  2:24  SCV  
  22  2:37  Factory Tech Lab  
  22  2:39  Starport  
  22  2:40  SCV  
  23  2:45  Marine x2  
  25  2:56  Siege Tank  
  25  2:57  SCV  
  29  3:03  Engineering Bay  
  29  3:22  SCV  
  29  3:25  Supply Depot  
  30  3:28  Hellion  
  30  3:31  Liberator  
  35  3:41  Liberator  
  35  3:46  SCV  
  39  3:53  Missile Turret  
  41  3:55  Widow Mine  
  41  4:02  SCV  
  42  4:08  Missile Turret  
  39  4:38  Siege Tank  
  39  4:40  Liberator  
  39  4:43  SCV  
  46  4:55  SCV  
  44  5:20  Siege Tank  
  44  5:25  Command Center  
  44  5:44  Medivac  
  44  5:49  Medivac  
  48  5:51  Barracks  
  48  5:52  Hellion, Barracks  
  50  5:59  Barracks Tech Lab  
  50  6:06  SCV  
  50  6:09  Supply Depot  
  51  6:14  Hellion  
  53  6:18  SCV  
Show
View Real Time Build Order
Export as new Build Order

HoldTheDoor Protoss - Winner!

Build Orders: 1 Gate Expand 

Get SALT Encoding   

  12  0:00  Probe  
  13  0:12  Probe  
  14  0:17  Pylon  
  14  0:23  Probe  
  15  0:31  Probe  
  15  0:39  Gateway  
  15  0:40  Probe  
  17  0:50  Probe  
  17  0:51  Assimilator  
  18  1:03  Probe  
  19  1:15  Probe  
  20  1:26  Nexus  
  20  1:38  Cybernetics Core  
  20  1:39  Probe  
  21  1:51  Probe  
  22  1:59  Assimilator  
  22  2:03  Probe  
  23  2:22  Shield Battery  
  23  2:23  Warp Gate  
  23  2:24  Pylon  
  23  2:29  Adept  
  23  2:38  Probe x2  
  27  2:49  Robotics Facility  
  27  2:50  Probe  
  27  2:51  Probe  
  29  2:56  Shield Battery  
  29  3:02  Probe  
  29  3:03  Probe  
  29  3:04  Sentry  
  33  3:10  Assimilator  
  33  3:14  Probe  
  33  3:15  Probe  
  33  3:16  Pylon  
  35  3:26  Probe  
  36  3:27  Probe  
  37  3:38  Immortal  
  37  3:39  Probe x2  
  43  3:48  Pylon  
  43  3:51  Probe x2  
  45  3:59  Pylon  
  45  4:03  Probe x2  
  47  4:35  Stalker  
  49  4:38  Immortal  
  53  4:47  Shield Battery  
  53  4:49  Pylon  
  53  4:55  Gateway  
  53  4:56  Forge  
  53  4:57  Gateway  
  53  5:00  Stargate  
  47  5:19  Stalker  
  49  5:24  Probe  
  49  5:25  Probe  
  51  5:37  Probe x2, Phoenix  
  51  5:39  Photon Cannon  
  53  5:49  Probe, Stalker  
  58  5:50  Stalker  
  58  5:54  Probe  
  58  5:56  Phoenix  
  61  6:01  Probe  
  64  6:06  Probe  
  65  6:13  Probe  
  65  6:16  Stalker  
  65  6:18  Probe  
  69  6:22  Assimilator  
  69  6:25  Probe  
  70  6:27  Phoenix  
  70  6:30  Probe  
  73  6:36  Stalker x2  
  73  6:37  Probe  
Tags
 
Add a new tag
Caveats
  • Supply blocks, unpowered buildings, or Contaminate may cause inaccurate times.
  • Supply counts are checked every 10 seconds.